 Dungeon Crawl Stone Soup version 0.22-a0-110-g5b255cf (webtiles) character file.

175 Kavrick the Skirmisher (level 5, -1/42 HPs)
             Began as a Demonspawn Fighter on Jan 27, 2018.
             Succumbed to Daviar's ghost's poison
             ... on level 3 of the Dungeon.
             The game lasted 00:04:25 (2997 turns).

Kavrick the Skirmisher (Demonspawn Fighter)         Turns: 2997, Time: 00:04:26

Health: -1/42      AC: 11    Str: 17    XL:     5   Next: 29%
Magic:  5/5        EV:  4    Int: 10    God:
Gold:   199        SH:  9    Dex: 12    Spells: 4/4 levels left

rFire    + . .     SeeInvis .   a - +0 long sword
rCold    . . .     Gourm    .   c - +0 shield
rNeg     . . .     Faith    .   q - +0 chain mail
rPois    .         Spirit   .   (no helmet)
rElec    .         Reflect  .   (no cloak)
rCorr    .         Harm     .   m - +0 pair of gloves
MR       .....                  k - +0 pair of boots
Stlth    ..........             (no amulet)
HPRegen  0.14/turn              (no ring)
MPRegen  0.09/turn              (no ring)

@: lethally poisoned (-1 -> -23)
A: claws 1, hooves 2, fire resistance 1
a: no special abilities


You were on level 3 of the Dungeon.
You were not hungry.

You visited 1 branch of the dungeon, and saw 3 of its levels.

You collected 199 gold pieces.

Inventory:

Hand Weapons
 a - a +0 long sword (weapon)
Armour
 c - a +0 shield (worn)
 k - a +0 pair of boots (worn)
 m - a +0 pair of gloves (worn)
 q - a +0 chain mail (worn)
Jewellery
 j - a +3 ring of protection {unknown}
Scrolls
 e - 4 scrolls of teleportation {unknown}
 g - 3 scrolls of identify {unknown}
 i - a scroll of enchant armour {unknown}
 l - 5 scrolls of remove curse {unknown}
 o - a scroll of noise {unknown}
 r - a scroll of immolation {unknown}
 t - a scroll of enchant weapon {unknown}
Potions
 b - 2 potions of resistance {unknown}
 d - 2 potions of might
 h - a potion of heal wounds
 p - a potion of mutation {unknown}
 s - 2 potions of curing {unknown}
 u - 2 potions of agility {unknown}
Comestibles
 f - 5 rations
 n - 4 chunks of flesh


   Skills:
 + Level 3.8 Fighting
 * Level 3.4 Long Blades
 + Level 3.4 Armour
 + Level 3.4 Shields


You had 4 spell levels left.
You didn't know any spells.

Dungeon Overview and Level Annotations

Branches:
Dungeon (3/15)

Altars:
Elyvilon
Gozag
Ru

Annotations:
D:3 Daviar's ghost, amateur OpMo


Innate Abilities, Weirdness & Mutations

You have sharp fingernails.
You have hoof-like feet.
Your flesh is heat resistant. (rF+)


Message History

You are too injured to fight recklessly!
You are too injured to fight recklessly!
You are too injured to fight recklessly!
You are too injured to fight recklessly!
You are too injured to fight recklessly!
You are too injured to fight recklessly!
You feel very sick.
* * * LOW HITPOINT WARNING * * *
You feel very sick.
* * * LOW HITPOINT WARNING * * *
You feel very sick.
* * * LOW HITPOINT WARNING * * *
You feel sick.
* * * LOW HITPOINT WARNING * * *
You feel sick.
* * * LOW HITPOINT WARNING * * *
You feel sick.
* * * LOW HITPOINT WARNING * * *
You feel sick.
You die...

###### #..... ### #######
######.. #.# #######.....#
#....... #.# #.....#.....#
#.##....
###.######.....#.....#####.......
...............'@.W..............
....######.....###########.#.##..
....# ###.....# #......).#.##..
....# #......#####....(().......
....# #.)..........####.####....
....# #............##.....##....
....# #............#.......#....
###.# #............#.......#....
#.####................_........


You could see Daviar's ghost.

Vanquished Creatures
  Jessica (D:2)
  3 gnolls (D:3)
  4 adders (D:2)
  2 worms (D:2)
  3 dart slugs
  3 leopard geckos
  An orc (D:3)
  A giant cockroach (D:3)
  3 goblins
  9 hobgoblins
  10 jackals
  6 kobolds
  A quokka (D:3)
  A ball python (D:3)
  6 bats
  5 frilled lizards
  16 rats
75 creatures vanquished.

Vanquished Creatures (others)
  A fungus (D:3)
1 creature vanquished.

Grand Total: 76 creatures vanquished

Notes
Turn   | Place    | Note
-------+----------+-------------------------------------------
     0 | D:1      | Kavrick the Demonspawn Fighter began the quest for the Orb.
     0 | D:1      | Reached XP level 1. HP: 18/18 MP: 1/1
   229 | D:1      | Gained mutation: Your flesh is heat resistant. (rF+) [demonic ancestry]
   229 | D:1      | Reached XP level 2. HP: 24/24 MP: 2/2
   804 | D:2      | Gained mutation: You have large cloven feet. [demonic ancestry]
   804 | D:2      | Reached XP level 3. HP: 20/29 MP: 3/3
  1160 | D:2      | Noticed Jessica
  1167 | D:2      | Killed Jessica
  1167 | D:2      | Gained mutation: You have sharp fingernails. [demonic ancestry]
  1167 | D:2      | Reached XP level 4. HP: 30/35 MP: 4/4
  2056 | D:3      | Found a white marble altar of Elyvilon.
  2112 | D:3      | Found an opulent altar of Gozag.
  2237 | D:3      | Gained mutation: You have hoof-like feet. [demonic ancestry]
  2237 | D:3      | Reached XP level 5. HP: 42/42 MP: 5/5
  2603 | D:3      | Found a sacrificial altar of Ru.
  2982 | D:3      | Noticed Daviar's ghost (amateur OpMo)
  2996 | D:3      | HP: 1/42 [poisoned by Daviar's ghost]
  2997 | D:3      | Succumbed to Daviar's ghost's poison

Vault maps used:
D:1:      dpeg_arrival_ratfight, st_stairs_1, minmay_misc_feat_five,
          minmay_pentomino_u2
D:2:      uniq_jessica
D:3:      minmay_wonky_spiral, nicolae_ru_the_path_less_chosen,
          old_standard_altar, elyvilon_altar_3

Skill      XL: |  1  2  3  4 |
---------------+-------------+-----
Long Blades    | 2 3 |  3.4
Armour         | 3 |  3.4
Shields        | 3 |  3.4
Fighting       | |  3.8

Action                   |  1- 3 |  4- 6 || total
-------------------------+-------+-------++-------
Melee: Long sword        |   123 |   170 ||   293
  Use: Potion            |       |     1 ||     1
  Eat: Chunk             |     1 |     6 ||     7
Armor: Scale mail        |   110 |    41 ||   151
       Chain mail        |       |    75 ||    75
Dodge: Dodged            |    57 |    52 ||   109
Block: Shield            |    82 |   100 ||   182
       Rpst.: Long sword |    14 |    19 ||    33

Table legend:
 A = Spawn XP
 B = Non-spawn XP
 C = Spawn XP percentage of total XP
 D = Spawn monster count
 E = Non-spawn monster count
 F = Spawn count percentage of total count
 G = Total turns spent on level
                    A         B        C        D         E        F      G
               +---------+---------+-------+---------+---------+-------+---------
         Total |       0 |     251 |   0.0 |       0 |      75 |   0.0 |  2997
               +---------+---------+-------+---------+---------+-------+---------
           D:1 |       0 |      38 |   0.0 |       0 |      22 |   0.0 |   794
           D:2 |       0 |     141 |   0.0 |       0 |      32 |   0.0 |  1189
           D:3 |       0 |      72 |   0.0 |       0 |      21 |   0.0 |  1014
               +---------+---------+-------+---------+---------+-------+---------
